 Dungeon Crawl Stone Soup version 0.31-a0-217-g58bb5d79cf (webtiles) character file.

Game seed: 10784058694831527392

53 innerfire43 the Trooper (level 3, 0/30 HPs)
             Began as a Demonspawn Monk on July 2, 2023.
             Killed from afar by Sigmund (5 damage)
             ... with a magic dart
             ... on level 3 of the Dungeon.
             The game lasted 00:01:25 (1749 turns).

innerfire43 the Trooper (Demonspawn Monk)           Turns: 1749, Time: 00:01:26

Health: 0/30       AC:  2    Str: 13    XL:     3   Next: 64%
Magic:  3/3        EV: 13    Int: 11    God:
Gold:   93         SH:  0    Dex: 15    Spells: 2/2 levels left

rFire   . . .        a - +0 hand axe
rCold   . . .        d - orb {light}
rNeg    . . .        b - +0 robe
rPois   .            (helmet restricted)
rElec   .            (no cloak)
rCorr   .            (no gloves)
SInv    .            (no boots)
Will    .....        (no amulet)
Stlth   +            (no ring)
HPRegen 0.25/turn    (no ring)
MPRegen 0.08/turn

%: no passive effects
@: confused, glowing
A: horns 1, foul stench 1
a: no special abilities


You were on level 3 of the Dungeon.
You visited 1 branch of the dungeon, and saw 3 of its levels.

You collected 93 gold pieces.

Inventory:

Hand Weapons
 a - a +0 hand axe (weapon)
Armour
 b - a +0 robe (worn)
 d - an orb of light (worn)
 n - a +0 helmet
Scrolls
 g - a scroll of amnesia
 i - a scroll of vulnerability
 l - a scroll of torment
 m - a scroll of poison
Potions
 c - a potion of ambrosia
 f - 3 potions of curing {unknown}
 h - a potion of cancellation {unknown}
 j - a potion of degeneration {unknown}
 k - a potion of mutation {unknown}
 p - a potion of heal wounds {unknown}


   Skills:
 * Level 3.8 Fighting
 + Level 3.2 Axes
 + Level 3.1 Dodging


You had 2 spell levels left.
You didn't know any spells.
Your spell library contained the following spells:

 Spells                   Type           Power      Damage    Failure   Level
 Shock                    Conj/Air       0%         1d3       34%         1
 Slow                     Hex            0%         N/A       34%         1
 Confusing Touch          Hex            0%         N/A       71%         3
 Swiftness                Air            0%         N/A       71%         3
 Vampiric Draining        Necr           0%         2d6       71%         3
 Airstrike                Air            0%         2d(0-16)  98%         4


Dungeon Overview and Level Annotations

Branches:
Dungeon (3/15)

Altars:

Shops:
D:3 (

Annotations:
D:3 Sigmund


Innate Abilities, Weirdness & Mutations

You have a pair of small horns on your head.
You may rarely emit foul miasma when damaged in melee.


Message History

Sigmund is nearby!
You hit Sigmund. You headbutt Sigmund.
Sigmund is lightly wounded.
Sigmund hits you with a +5 vampiric scythe!
Sigmund draws strength from your wounds!
You are too injured to fight recklessly!
You are too injured to fight recklessly!
You hit Sigmund but do no damage.
Sigmund points at you and mumbles some strange words.
You resist with significant effort.
You hit Sigmund.
Sigmund is lightly wounded.
Sigmund hits you but does no damage.
You hit Sigmund.
Sigmund is moderately wounded.
Sigmund barely misses you.
You hit Sigmund.
Sigmund is moderately wounded.
You hit Sigmund.
Sigmund is heavily wounded.
Sigmund gestures at you while chanting.
You are confused.
You hit Sigmund. Your headbutt misses Sigmund.
Sigmund is severely wounded.
Sigmund closely misses you.
You bump into the rock wall.
Sigmund casts a spell at you. You resist with significant effort.
You hit Sigmund but do no damage.
Sigmund is severely wounded.
Sigmund casts a spell at you. You resist with significant effort.
You bump into the rock wall.
Sigmund hits you with a +5 vampiric scythe!
* * * LOW HITPOINT WARNING * * *
Sigmund draws strength from your wounds!
You bump into the rock wall.
Sigmund points at you and mumbles some strange words.
The magic dart hits you.
You die...

## ### .########.#
..........#
.......##.#####
#####.#.......#
........#.###.# #
#####...#...#.# ...
........###.#.#####.....
..............$.@@......
.∩.....######...###.....
....#...........# ..)
........####....# .
###.##### #....# # #.#
#....# # #.# #..... #
#.# #.....# #.# #.#


You could see Sigmund.

Vanquished Creatures
  2 adders (D:2)
  5 ball pythons
  3 endoplasms
  A giant cockroach (D:1)
  2 goblins (D:1)
  2 hobgoblins (D:2)
  4 jackals
  3 quokkas (D:2)
  4 bats
  A frilled lizard (D:1)
  2 kobolds
  3 rats
32 creatures vanquished.

Notes
Turn   | Place    | Note
-------+----------+-------------------------------------------
     0 | D:1      | innerfire43 the Demonspawn Monk began the quest for the
                  | Orb.
     0 | D:1      | Reached XP level 1. HP: 18/18 MP: 1/1
   197 | D:1      | Gained mutation: You have a pair of small horns on your
                  | head. [demonic ancestry]
   197 | D:1      | Reached XP level 2. HP: 22/24 MP: 2/2
  1006 | D:2      | Gained mutation: You may rarely emit foul miasma when
                  | damaged in melee. [demonic ancestry]
  1006 | D:2      | Reached XP level 3. HP: 20/29 MP: 3/3
  1683 | D:3      | Found Feweh's Weapon Boutique.
  1734 | D:3      | Noticed Sigmund
  1749 | D:3      | Killed from afar by Sigmund

Illustrated notes

Levels and vault maps discovered:
D:1:      lightli_arrival_quake, layout_basic
D:2:      layout_basic, kennysheep_nub
D:3:      layout_basic, kiku_gazebo_pond_becter, serial_shops, shop,
          st_stairs_9, uniq_robin, uniq_sigmund

Skill      XL: |  1  2 |
---------------+-------+-----
Axes           | 3 |  3.2
Dodging        | 3 |  3.1
Fighting       | |  3.8

Action                     || total
---------------------------++-------
  Melee: Hand axe          ||    81
         Headbutt          ||     9
    Use: Scroll            ||     5
 Armour: Robe              ||     8
  Dodge: Dodged            ||    63

Table legend: (Time is in decaauts)
 A = Elapsed time spent in this place.
 B = Non-inter-level travel time spent in this place.
 C = Inter-level travel time spent in this place.
 D = Time resting spent in this place.
 E = Time spent auto-exploring this place.
 F = Levels seen in this place.
 G = Mean time per level.
                   A        B        C        D        E       F      G
               +--------+--------+--------+--------+--------+-----+--------+
         Total |   1760 |   1735 |     25 |      0 |   1505 |   3 |  586.7 |
       Dungeon |   1760 |   1735 |     25 |      0 |   1505 |   3 |  586.7 |
               +--------+--------+--------+--------+--------+-----+--------+

Top non-repeatable levels by time:
     D:2: 853 daAuts
     D:1: 804 daAuts
     D:3: 103 daAuts
